 Dungeon Crawl Stone Soup version 0.23.2-30-g0e89c35649 (webtiles) character file.

Game seed: 10747962239403771364

26 DildoBatman the Magician (level 3, 0/24 HPs)
             Began as a Formicid Wizard on June 17, 2019.
             Killed by nerve-wracking pain
             ... invoked by Jessica
              (9 damage)
             ... on level 1 of the Dungeon.
             The game lasted 00:02:41 (689 turns).

DildoBatman the Magician (Formicid Wizard)           Turns: 689, Time: 00:02:42

Health: 0/24       AC:  3    Str: 11    XL:     3   Next: 22%
Magic:  7/7        EV: 12    Int: 18    God:
Gold:   63         SH:  0    Dex:  9    Spells: 7/8 levels left

rFire    + . .     SeeInvis +   i - +0 short sword
rCold    x . .     Gourm    .   (no shield)
rNeg     . . .     Faith    .   a - +0 robe
rPois    .         Spirit   .   (helmet unavailable)
rElec    .         Reflect  .   (no cloak)
rCorr    .         Harm     .   f - +0 pair of gloves
MR       .....                  (no boots)
Stlth    ++........             (no amulet)
HPRegen  0.08/turn              d - ring of fire
MPRegen  0.10/turn              (no ring)

@: no status effects
A: permanent stasis, dig shafts and tunnels, four strong arms, antennae 3
a: Dig, Shaft Self


You were on level 1 of the Dungeon.
You were not hungry.

You visited 1 branch of the dungeon, and saw 2 of its levels.

You collected 63 gold pieces.

Inventory:

Hand Weapons
 b - a +0 club
 i - a +0 short sword (weapon)
Missiles
 j - 18 bolts
 k - 20 stones (quivered)
Armour
 a - a +0 robe (worn)
 f - a +0 pair of gloves (worn)
Jewellery
 d - a ring of fire (left hand)
Scrolls
 g - 3 scrolls of identify {unknown}
 m - a scroll of remove curse {unknown}
 n - a scroll of noise {unknown}
Potions
 e - a potion of haste {unknown}
 h - a potion of degeneration {unknown}
 l - a potion of mutation {unknown}
Comestibles
 c - a chunk of flesh
 v - a ration


   Skills:
 - Level 1.7 Dodging
 - Level 2.4 Stealth
 - Level 3.2 Spellcasting
 * Level 2.6 Conjurations
   Level 1.0 Summonings
   Level 0.8 Translocations


You had 7 spell levels left.
You knew the following spells:

 Your Spells              Type           Power        Failure   Level  Hunger
c - Magic Dart            Conj           ##..         5%          1    None

Your spell library contained the following spells:

 Spells                   Type           Power        Failure   Level  Hunger
 Call Imp                 Summ           #.......     16%         2    ##.....
 Slow                     Hex            #.......     24%         2    ##.....
 Conjure Flame            Conj/Fire      ##......     28%         3    ###....
 Mephitic Cloud           Conj/Pois/Air  #.......     32%         3    ###....
 Blink                    Tloc           Unusable     N/A         2    N/A

Dungeon Overview and Level Annotations

Branches:
Dungeon (2/15)

Altars:

Annotations:
D:1 Jessica, Natasha


Innate Abilities, Weirdness & Mutations

You cannot be hasted, slowed, berserked, paralysed or teleported.
You can dig through walls and to a lower floor.
Your four strong arms can wield two-handed weapons with a shield.
You have a pair of large antennae on your head. (SInv)


Message History

You shout for attention!
Jessica gestures at you while chanting. Pain shoots through your body!
What are your orders? t - Shout!
Orders for allies: a - Attack new target. r - Retreat! s - Stop attacking. g - Guard the area. f - Follow me.
Anything else - Cancel.
You shout for attention!
Natasha closely misses you.
Some of the chunks of flesh in your inventory have rotted away.
Natasha claws you! Jessica hits you with a +0 club.
You climb upwards.
There is a stone staircase leading down here.
Natasha casts a spell.
Jessica gestures at you while chanting. Pain shoots through your body!
You die...

####### #####.....#####
##.........##..#
#..............#
.............#.#
...............#
.............### ####
......)......#######..#
................@.>@5.#
.............######h###
...........>.####)..#
.............#....###
.....[...)...#.####
...............##
.......รท..#.....#######
..........#####....K..######
..........###########...{..#


You could see Natasha, a crimson imp and Jessica.

Vanquished Creatures
  A dart slug (D:1)
  3 giant cockroaches (D:1)
  5 goblins (D:1)
  3 bats (D:1)
  A frilled lizard (D:1)
  6 kobolds (D:1)
  3 rats (D:1)
22 creatures vanquished.

Notes
Turn   | Place    | Note
-------+----------+-------------------------------------------
     0 | D:1      | DildoBatman the Formicid Wizard began the quest for the
                  | Orb.
     0 | D:1      | Reached XP level 1. HP: 13/13 MP: 4/4
    35 | D:1      | Reached skill level 1 in Conjurations
   133 | D:1      | Reached XP level 2. HP: 19/19 MP: 0/6
   384 | D:1      | Reached XP level 3. HP: 19/24 MP: 0/7
   681 | D:2      | Noticed Natasha
   681 | D:2      | Noticed Jessica
   689 | D:1      | Killed from afar by Jessica

Skill      XL: |  1  2 |
---------------+-------+-----
Conjurations   | 1 2 |  2.6
Dodging        | |  1.7
Stealth        | |  2.4
Spellcasting   | |  3.2
Summonings     | |  1.0
Translocations | |  0.8

Action                   || total
-------------------------++-------
Melee: Unarmed           ||     7
       Club              ||    15
 Cast: Magic Dart        ||    42
Armor: Robe              ||    13
Dodge: Dodged            ||    20
